 Dungeon Crawl Stone Soup version 0.30-b1-2-g02819fbbbe (webtiles) character file.

Game seed: 12561981046546835636

1183 Alarkh the Trooper (level 8, 67/67 HPs)
             Began as a Demonspawn Artificer on July 11, 2023.
             Was a Follower of Uskayaw.
             Got out of the dungeon alive.
             The game lasted 00:05:47 (4616 turns).

Alarkh the Trooper (Demonspawn Artificer)           Turns: 4616, Time: 00:05:47

Health: 67/67      AC: 17    Str: 15    XL:     8   Next: 19%
Magic:  12/12      EV:  9    Int: 14    God:    Uskayaw [*.....]
Gold:   321        SH:  0    Dex: 18    Spells: 7/7 levels left

rFire   . . .        w - +0 sling
rCold   . . .        (no shield)
rNeg    . . .        p - +5 chain mail of Cheibriados's Hatred {Str-4 Dex+4 Slay+6}
rPois   .            (no helmet)
rElec   .            (no cloak)
rCorr   .            l - +1 pair of gloves
SInv    .            n - +0 pair of boots
Will    .....        (no amulet) Stlth
                     k - +6 ring of strength
HPRegen 0.31/turn    (no ring)
MPRegen 0.13/turn

%: no passive effects
@: no status effects
A: hooves 1, powered by pain 2, sturdy frame 1
a: Renounce Religion, Stomp


You escaped.
You worshipped Uskayaw.
Uskayaw was noncommittal.
You visited 2 branches of the dungeon, and saw 7 of its levels.

You collected 321 gold pieces.

Inventory:

Hand Weapons
 a - a +1 short sword of draining
 b - a +0 short sword of venom
 f - a +0 club
 w - a +0 sling (weapon)
 A - a +0 short sword
Armour
 l - a +1 pair of gloves (worn)
 n - a +0 pair of boots (worn)
 p - the +5 chain mail of Cheibriados's Hatred (worn) {Str-4 Dex+4 Slay+6}
   (You found it on level 2 of the Dungeon)

   Str:       It affects your strength (-4).
   Dex:       It affects your dexterity (+4).
   Slay:      It affects your accuracy & damage with ranged weapons and melee
   (+6).
 s - a +0 leather armour
Jewellery
 k - a +6 ring of strength (left hand)
Wands
 c - a wand of flame (8)
 d - a wand of charming (15)
 e - a wand of iceblast (5)
 o - a wand of mindburst (12)
 B - a wand of polymorph (9)
Scrolls
 g - a scroll of enchant armour
 h - a scroll of identify
 i - 3 scrolls of noise {unknown}
 m - a scroll of poison {unknown}
 t - a scroll of fog {unknown}
 x - a scroll of fear
 y - a scroll of acquirement {unknown}
 D - a scroll of teleportation {unknown}
 E - a scroll of butterflies {unknown}
 F - a scroll of amnesia {unknown}
Potions
 j - a potion of berserk rage
 q - a potion of cancellation
 r - 2 potions of attraction
 u - 2 potions of heal wounds {unknown}
 v - a potion of invisibility
 z - a potion of curing {unknown}
 C - a potion of mutation {unknown}
 G - 2 potions of brilliance


   Skills:
 + Level 7.0 Fighting
 + Level 3.5 Armour
 + Level 3.1 Dodging
 - Level 0.8 Stealth
 + Level 6.0 Invocations
 - Level 3.0 Evocations


You had 7 spell levels left.
You didn't know any spells.
Your spell library contained the following spells:

 Spells                   Type           Power      Damage    Failure   Level
 Magic Dart               Conj           0%         1d3       89%         1
 Shock                    Conj/Air       0%         1d3       89%         1
 Call Imp                 Summ           0%         N/A       96%         2
 Ensorcelled Hibernation  Hex/Ice        0%         N/A       96%         2
 Call Canine Familiar     Summ           0%         N/A       99%         3
 Dazzling Flash           Conj/Hex       0%         N/A       99%         3
 Frozen Ramparts          Ice            0%         1d1       99%         3
 Mephitic Cloud           Conj/Pois/Air  0%         N/A       99%         3
 Portal Projectile        Hex/Tloc       0%         N/A       99%         3
 Spider Form              Tmut/Pois      0%         N/A       99%         3
 Swiftness                Air            0%         N/A       99%         3
 Volatile Blastmotes      Fire/Tloc      0%         2d10      99%         3
 Airstrike                Air            0%         2d(0-16)  100%        4
 Anguish                  Hex/Necr       0%         N/A       100%        4
 Ice Form                 Ice/Tmut       0%         N/A       100%        4
 Iskenderun's Mystic Bla  Conj/Tloc      0%         2d3       100%        4
 Leda's Liquefaction      Hex/Erth       0%         N/A       100%        4
 Summon Ice Beast         Ice/Summ       0%         N/A       100%        4
 Summon Mana Viper        Hex/Summ       0%         N/A       100%        5
 Starburst                Conj/Fire      0%         6d3       100%        6
 Monstrous Menagerie      Summ           0%         N/A       100%        7


Dungeon Overview and Level Annotations

Branches:
Dungeon (6/15)             Temple (1/1) D:4

Altars:
Cheibriados
Dithmenos
Fedhas
Gozag
Hepliaklqana
Kikubaaqudgha
Makhleb
Nemelex Xobeh
Okawaru
Qazlal
Ru
Sif Muna
Trog
Uskayaw
Vehumet
Wu Jian
Xom
Yredelemnul

Shops:
D:6 =

Annotations:
D:6 1 runed translucent door


Innate Abilities, Weirdness & Mutations

You have large cloven feet.
You sometimes gain power by taking damage.
Your movements are slightly less encumbered by armour. (ER -2)


Message History

You destroy the phantom!
Uskayaw will force your foes to share their pain.
Your Fighting skill increases to level 7!
Your Dodging skill increases to level 3!
No target in view!
The jelly quivers.
A jelly is nearby!
You shoot a sling bullet. The sling bullet hits the jelly.
The jelly is moderately wounded.
You shoot a sling bullet. The sling bullet hits the jelly!
The jelly is almost dead.
You can now pass through a line of other dancers.
You shoot a sling bullet. The sling bullet hits the jelly!
You kill the jelly!
Your Invocations skill increases to level 6!
There is an entrance to Leomuh's Jewellery Shop here.
(D) Dungeon (T) Temple
Where to? (Enter - D:6, ? - help)
What level of the Dungeon? (default 1, ? - help)
Found a mace.
There is a stone staircase leading up here.
You climb upwards.
There is a stone staircase leading down here.
There is a stone staircase leading up here.
You climb upwards.
There is a stone staircase leading down here.
There is a stone staircase leading up here.
You climb upwards.
There is a stone staircase leading down here.
There is a stone staircase leading up here.
You climb upwards.
There is a stone staircase leading down here.
There is a stone staircase leading up here.
You climb upwards.
There is a stone staircase leading down here.
Unknown command.
There is an open gate here.
There is a staircase leading out of the dungeon here.
Are you sure you want to leave the Dungeon?
This will make you lose the game!
You have escaped!

###### #8.#.#
####'#..#
##...'#.@#
#####..##'#..#
#.....###8.#.#
#.##### ######
#.# #.# #.#
#.# #.#


There were no monsters in sight!

Vanquished Creatures
  A black bear (D:6)
  3 ogres
  A phantom (D:6)
  A kobold brigand (D:6)
  2 scorpions (D:6)
  5 jellies
  2 hounds (D:5)
  2 orc priests (D:5)
  A gnoll bouda (D:5)
  2 iguanas
  5 gnolls (D:5)
  9 adders
  2 white imps (D:5)
  2 worms (D:2)
  5 dart slugs
  11 orcs
  8 ball pythons
  5 endoplasms
  A giant cockroach (D:2)
  6 goblins
  7 hobgoblins
  4 jackals (D:2)
  3 quokkas
  4 bats
  3 frilled lizards
  12 kobolds
  4 rats
111 creatures vanquished.

Notes
Turn   | Place    | Note
-------+----------+-------------------------------------------
     0 | D:1      | Alarkh the Demonspawn Artificer began the quest for the
                  | Orb.
     0 | D:1      | Reached XP level 1. HP: 15/15 MP: 1/1
   285 | D:1      | Reached skill level 2 in Fighting
   293 | D:1      | Gained mutation: You sometimes gain a little power by
                  | taking damage. [demonic ancestry]
   293 | D:1      | Reached XP level 2. HP: 12/22 MP: 2/2
   636 | D:1      | Found a faded altar of an unknown god.
   861 | D:2      | Reached skill level 3 in Fighting
   861 | D:2      | Reached XP level 3. HP: 15/29 MP: 3/3
  1099 | D:2      | Found an ancient bone altar of Kikubaaqudgha.
  1199 | D:2      | Gained mutation: You sometimes gain power by taking damage.
                  | [demonic ancestry]
  1199 | D:2      | Reached XP level 4. HP: 37/37 MP: 4/4
  1204 | D:2      | Identified the +5 chain mail of Cheibriados's Hatred {Str-4
                  | Dex+4 Slay+6}
  1264 | D:2      | Reached skill level 4 in Fighting
  1771 | D:3      | Found a bloodstained altar of Trog.
  1773 | D:3      | Found an ancient bone altar of Kikubaaqudgha.
  1773 | D:3      | Found a basalt altar of Yredelemnul.
  1786 | D:3      | Found a snail-covered altar of Cheibriados.
  1789 | D:3      | Found a sparkling altar of Nemelex Xobeh.
  2141 | D:4      | You fall into a shaft and drop 1 floor!
  2141 | D:5      | Entered Level 5 of the Dungeon
  2308 | D:4      | Reached skill level 5 in Fighting
  2308 | D:4      | Reached XP level 5. HP: 22/44 MP: 5/5
  2537 | D:4      | Found a staircase to the Ecumenical Temple.
  2548 | Temple   | Entered the Ecumenical Temple
  2682 | Temple   | Became a worshipper of Uskayaw the Reveller
  2716 | D:4      | Reached * piety under Uskayaw
  2896 | D:4      | Noticed an ogre
  2900 | D:4      | Reached ** piety under Uskayaw
  2902 | D:4      | Killed an ogre
  2902 | D:4      | Reached *** piety under Uskayaw
  2978 | D:4      | Found an ornate altar of the Wu Jian Council.
  2983 | D:4      | Found a radiant altar of Vehumet.
  3512 | D:5      | Reached XP level 6. HP: 38/52 MP: 6/8
  3582 | D:5      | Reached **** piety under Uskayaw
  3587 | D:5      | Reached skill level 6 in Fighting
  3587 | D:5      | Reached ***** piety under Uskayaw
  3693 | D:5      | Reached skill level 1 in Dodging
  3720 | D:5      | Gained mutation: Your movements are slightly less
                  | encumbered by armour. (ER -2) [demonic ancestry]
  3720 | D:5      | Reached XP level 7. HP: 47/58 MP: 8/10
  4110 | D:5      | Reached skill level 5 in Invocations
  4365 | D:6      | Found a runed translucent door.
  4384 | D:6      | Gained mutation: You have large cloven feet. [demonic
                  | ancestry]
  4384 | D:6      | Reached XP level 8. HP: 57/65 MP: 12/12
  4399 | D:6      | Found Leomuh's Jewellery Shop.
  4408 | D:6      | Reached skill level 7 in Fighting
  4616 | D:$      | Got out of the dungeon alive.

Illustrated notes

Levels and vault maps discovered:
D:1:      saegor_arrival_simple_c, layout_loops_ring,
          ebering_ecumenical_altar_abandoned, chequers_serial_rivers_small_b
D:2:      layout_basic, basic_altar, serial_bayou_ford_a, grunt_decor_clamped,
          grunt_decor_junction
D:3:      layout_loops_cross, minmay_overflow_temple_star_hex
D:4:      layout_basic, amethyst_overflow_temple_binary,
          minmay_temple_entry_tees, serial_co_window_serial,
          co_window_of_opportunity_a, co_window_corner_a,
          co_window_of_opportunity_a, co_window_paths_b, co_window_paths_b,
          co_window_paths_c, co_window_of_opportunity_b, co_window_corner_b,
          co_window_broadway_a, co_window_cross_4, co_window_paths_e,
          glass_columns_a, glass_columns_a, glass_columns_a
D:5:      layout_basic
D:6:      layout_cave_pools, gammafunk_ghost_grave, serial_gnoll_camp,
          gnoll_camp_huts_basic, gnoll_camp_medium_01, gnoll_camp_mini_hut,
          gnoll_camp_mini_house, serial_shops, nicolae_shop_gaudy_bauble,
          grunt_decor_resistance
Temple:   nicolae_temple_superstar

Skill      XL: |  1  2  3  4  5  6  7  8 |
---------------+-------------------------+-----
Fighting       | 2 3 5 6 7 |  7.0
Invocations    | 2 4 5 6 |  6.0
Dodging        | 1 2 3 |  3.1
Armour         | 2 3 |  3.5
Stealth        | |  0.8
Evocations     | |  3.0

Action                     |  1- 3 |  4- 6 |  7- 9 || total
---------------------------+-------+-------+-------++-------
  Melee: Short sword       |   119 |   101 |    58 ||   278
         Club              |    17 |       |       ||    17
         Punch             |     3 |       |     1 ||     4
   Fire: Sling             |       |    30 |    26 ||    56
  Evoke: Wand              |     6 |     1 |       ||     7
    Use: Scroll            |       |     6 |       ||     6
         Potion            |       |     1 |       ||     1
   Stab: Sleeping          |     1 |       |       ||     1
         Paralysed         |       |     5 |     2 ||     7
 Armour: Leather armour    |    46 |       |       ||    46
         Chain mail        |       |    70 |    42 ||   112
  Dodge: Dodged            |    79 |    43 |    41 ||   163
